 Dungeon Crawl Stone Soup version 0.20.1 (webtiles) character file.

76 Inarius the Grave Robber (level 4, -6/54 HPs)
             Began as a Hill Orc Necromancer on July 2, 2017.
             Blown up by Ijyb (15 damage)
             ... with a wand of disintegration (?/24)
             ... on level 3 of the Dungeon.
             The game lasted 00:08:24 (2651 turns).

Inarius the Grave Robber (Hill Orc Necromancer)     Turns: 2651, Time: 00:08:24

Health: -6/54      AC: 22    Str: 10    XL:     4   Next: 32%
Magic:  7/7        EV:  2    Int: 16    God:
Gold:   125        SH:  0    Dex: 11    Spells: 2/7 levels left

rFire    . . .     SeeInvis .   k - +0 dagger (elec)
rCold    . . .     Gourm    +   (no shield)
rNeg     + + +     Faith    .   (armour currently unavailable)
rPois    +         Spirit   .   (helmet currently unavailable)
rElec    .         Reflect  .   (cloak currently unavailable)
rCorr    .         Harm     .   (gloves currently unavailable)
MR       .....     NoTele   +   (boots currently unavailable)
Stlth    +.........             m - amulet of the gourmand
Regen    0.2/turn               g - ring of poison resistance
MPRegen  0.1/turn               (no ring)

@: confused, tree-form
A: no striking features
a: no special abilities


You were on level 3 of the Dungeon.
You were hungry.
You were a tree.
You visited 1 branch of the dungeon, and saw 3 of its levels.

You collected 125 gold pieces.

Inventory:

Hand Weapons
 k - a +0 dagger of electrocution (weapon)
Armour
 a - a +0 robe (melded)
 e - a +0 pair of gloves (melded)
 f - a +0 helmet (melded)
Jewellery
 g - a ring of poison resistance (left branch)
 m - an amulet of the gourmand (around neck)
Scrolls
 d - 3 scrolls of identify {unknown}
 j - a scroll of remove curse {unknown}
Potions
 i - a potion of ambrosia
 l - 2 potions of might {unknown}
Books
 b - a book of Necromancy

   Spells                             Type                      Level
   a - Pain                           Necromancy                   1
   b - Animate Skeleton               Necromancy                   1
   c - Vampiric Draining              Necromancy                   3
   d - Regeneration                   Charms/Necromancy            3
   e - Animate Dead                   Necromancy                   4
   f - Control Undead                 Necromancy                   4
 n - a book of Changes

   Spells                             Type                      Level
   a - Beastly Appendage              Transmutation                1
   b - Sticks to Snakes               Transmutation                2
   c - Spider Form                    Transmutation/Poison         3
   d - Ice Form                       Ice/Transmutation            4
   e - Blade Hands                    Transmutation                5
Comestibles
 c - 3 bread rations
 o - a chunk of flesh


   Skills:
 * Level 2.1 Fighting
 * Level 0.2 Armour
 + Level 1.9 Dodging
 - Level 1.5 Stealth
 + Level 2.1 Spellcasting
 + Level 4.6 Necromancy


You had 2 spell levels left.
You knew the following spells:

 Your Spells              Type           Power        Failure   Level  Hunger
a - Pain                  Necr           ###.         3%          1    #......
b - Animate Skeleton      Necr           N/A          3%          1    #......
c - Regeneration          Chrm/Necr      #.........   24%         3    ###....


Dungeon Overview and Level Annotations

Branches:
Dungeon (3/15)

Altars:

Annotations:
D:3 Ijyb


Message History

Your bat skeleton barely misses Ijyb.
Your bat skeleton hits Ijyb but does no damage.
Ijyb zaps a wand.
You are blasted!
* * * LOW HITPOINT WARNING * * *
You nearly hit yourself!
Your bat skeleton hits Ijyb but does no damage.
Your bat skeleton closely misses Ijyb.
Your bat skeleton hits Ijyb but does no damage.
Ijyb hits you but does no damage.
You swing at nothing.
Your bat skeleton hits Ijyb but does no damage.
Your bat skeleton closely misses Ijyb.
Your bat skeleton hits Ijyb but does no damage.
Ijyb zaps a wand.
You are blasted!
* * * LOW HITPOINT WARNING * * *
You swing at nothing.
Your bat skeleton hits Ijyb but does no damage.
Your bat skeleton closely misses Ijyb.
Your bat skeleton misses Ijyb.
Ijyb zaps a wand.
You are blasted!
You die...

######### ###.##...#
...$....# #...####.#
.[......# #.###....#
......>.# #...#....#
........# ###Z#....#
........# #.......
........# ######..
........##############.Z..
.......Zg♣..........Z.Z...
..≈≈≈≈≈.)..............#..
≈≈≈≈≈≈≈≈#############..#..
##≈≈≈≈≈≈≈ #.....###..#..
###≈#### ..........#.# ##
#####.....#.# ..
###≈≈≈####....# #
##≈≈≈≈≈≈≈≈...#.#
≈≈≈≈≈≈≈≈≈......#


You could see Ijyb and a friendly bat skeleton.

Vanquished Creatures
  An adder (D:3)
  A worm (D:2)
  2 dart slugs
  A leopard gecko (D:1)
  3 bats
  2 giant cockroaches (D:1)
  8 goblins
  8 hobgoblins
  A quokka (D:2)
  2 ball pythons
  2 frilled lizards (D:2)
  11 kobolds
  6 rats
48 creatures vanquished.

Vanquished Creatures (collateral kills)
  2 worms (D:2)
  2 dart slugs (D:1)
  A bat (D:3)
  A hobgoblin (D:1)
  A frilled lizard (D:2)
  A rat (D:2)
8 creatures vanquished.

Grand Total: 56 creatures vanquished

Notes
Turn   | Place    | Note
-------+----------+-------------------------------------------
     0 | D:1      | Inarius the Hill Orc Necromancer began the quest for the Orb.
     0 | D:1      | Reached XP level 1. HP: 14/14 MP: 3/3
     2 | D:1      | Learned a level 1 spell: Animate Skeleton
   385 | D:1      | Reached XP level 2. HP: 17/20 MP: 0/4
   898 | D:1      | Reached XP level 3. HP: 26/27 MP: 5/5
  1255 | D:2      | Reached skill level 1 in Fighting
  1300 | D:2      | Learned a level 3 spell: Regeneration
  1369 | D:2      | Found a faded altar of an unknown god.
  2177 | D:2      | Reached XP level 4. HP: 15/36 MP: 7/7
  2610 | D:3      | Noticed Ijyb
  2651 | D:3      | Blown up by Ijyb

Skill      XL: |  1  2  3  4 |
---------------+-------------+-----
Fighting       | 1 2 |  2.1
Spellcasting   | 2 |  2.1
Armour         | |  0.2
Dodging        | |  1.9
Stealth        | |  1.5
Necromancy     | |  4.6

Action                   |  1- 3 |  4- 6 || total
-------------------------+-------+-------++-------
Melee: Short sword       |    15 |       ||    15
       Club              |     1 |       ||     1
       Dagger            |    94 |    43 ||   137
 Cast: Pain              |    20 |       ||    20
       Animate Skeleton  |    15 |     3 ||    18
       Regeneration      |     1 |       ||     1
  Use: Potion            |       |     2 ||     2
 Stab: Distracted        |     2 |       ||     2
       Sleeping          |     2 |       ||     2
  Eat: Chunk             |     7 |       ||     7
Armor: Robe              |    26 |    17 ||    43
       Skin              |       |     6 ||     6
Dodge: Dodged            |    60 |    32 ||    92
